 Dungeon Crawl Stone Soup version 0.30-a0-672-gc3a7216ad8 (webtiles) character file.

Game seed: 3593322568877247558

0 tio the Vexing (level 1, -3/15 HPs)
             Began as a Demonspawn Wanderer on Jan 18, 2023.
             Slain by a river rat (7 damage)
             ... on level 1 of the Dungeon.
             The game lasted 00:00:48 (151 turns).

tio the Vexing (Demonspawn Wanderer)                 Turns: 151, Time: 00:00:49

Health: -3/15      AC:  2    Str: 14    XL:     1   Next: 8%
Magic:  2/2        EV: 11    Int: 14    God:
Gold:   0          SH:  0    Dex:  9    Spells: 2/2 levels left

rFire   . . .      SeeInvis .    a - +0 club
rCold   . . .      Faith    .    (no shield)
rNeg    . . .      Spirit   .    c - +0 robe
rPois   .          Reflect  .    (no helmet)
rElec   .          Harm     .    (no cloak)
rCorr   .          Rampage  .    (no gloves)
Will    .....                    (no boots)
Stlth   +                        (no amulet)
HPRegen 0.22/turn                (no ring)
MPRegen 0.08/turn                (no ring)

@: no status effects
A: no striking features
a: no special abilities


You were on level 1 of the Dungeon.
You visited 1 branch of the dungeon, and saw 1 of its levels.

Inventory:

Hand Weapons
 a - a +0 club (weapon)
Armour
 c - a +0 robe (worn)
Potions
 b - a potion of haste


   Skills:
 + Level 1.0 Fighting
 + Level 1.0 Armour
 + Level 1.0 Stealth
 + Level 1.0 Spellcasting
 + Level 4.0 Hexes
 + Level 1.1 Necromancy
 + Level 1.0 Evocations


You had 2 spell levels left.
You didn't know any spells.
Your spell library contained the following spells:

 Spells                   Type           Power      Damage    Failure   Level
 Slow                     Hex            48%        N/A       4%          1
 Ensorcelled Hibernation  Hex/Ice        12%        N/A       17%         2
 Kiss of Death            Conj/Necr      8%         2d6       22%         1
 Confusing Touch          Hex            12%        N/A       16%         3
 Vampiric Draining        Necr           3%         2d6       45%         3


Dungeon Overview and Level Annotations

Branches:
Dungeon (1/15)

Altars:


Message History

You hit the frilled lizard.
You kill the frilled lizard!
The frilled lizard returns to its original shape as it dies.
You feel sick.
You feel sick.
There is a large open door here.
You see here a frilled lizard corpse.
You feel sick.
You feel sick.
You are no longer poisoned.
HP restored.
There is an open door here.
There is an open door here.
You open the large door.
There is a large open door here.
You enter the shallow water.
Moving in this stuff is going to be slow.
A hobgoblin comes into view.
The hobgoblin shouts!
A goblin comes into view. It is wielding a +0 club.
An endoplasm comes into view.
The hobgoblin evaporates and reforms as a river rat!
The goblin shouts!
The river rat completely misses you.
You hit the river rat but do no damage. The river rat bites you.
The endoplasm freezes you.
You are frozen.
The river rat closely misses you.
The river rat resists with significant effort.
The now-empty wand crumbles to dust.
The goblin closely misses you. The endoplasm freezes you.
You are frozen.
The river rat bites you.
You barely miss the river rat. The endoplasm hits you.
* * * LOW HITPOINT WARNING * * *
The goblin hits you but does no damage.
The river rat bites you but does no damage.
You hit the river rat.
The river rat is heavily wounded.
The goblin barely misses you. The endoplasm barely misses you.
The river rat bites you!
You die...

....≈≈≈≈≈≈≈≈≈~≈≈≈≈≈≈≈ ..
#...~≈≈≈≈≈≈≈≈≈≈≈≈≈≈≈≈
...#.J.~≈≈#+#'#≈≈≈≈≈≈≈#+
...#...≈≈≈'...##'###+##.
.......~≈≈'...'.......+.
#......~~≈#+###.#####.##
#.......~~≈≈#...#...#...
#...Jg.~~≈'.⌠.'...###.
#...r@.~≈~'.⌠.'.<.###.
#.......~~≈≈#...#...#...
.......~≈≈#'#'#.#####.##
#......~~≈'...#.......#.
.......~~≈'...##'###+##.
####...~≈≈#+#'#≈≈≈≈≈≈≈#+
#...~≈≈≈≈≈≈≈≈≈≈≈≈≈≈≈≈
#...~≈≈≈≈≈≈≈≈≈≈≈≈≈≈≈≈
...~~~~~~~~~≈~~≈≈~~~


You could see a river rat, 2 endoplasms and a goblin.

Vanquished Creatures
  A frilled lizard (D:1)
1 creature vanquished.

Notes
Turn   | Place    | Note
-------+----------+-------------------------------------------
     0 | D:1      | tio the Demonspawn Wanderer began the quest for the Orb.
     0 | D:1      | tio set off with the following items: a +0 club, a potion
                  | of haste, a +0 robe, a wand of polymorph (5); and the
                  | following spells available to memorise: Slow, Ensorcelled
                  | Hibernation, Kiss of Death, Confusing Touch, Vampiric
                  | Draining.
     0 | D:1      | Reached XP level 1. HP: 15/15 MP: 2/2
   151 | D:1      | Slain by a river rat

Illustrated notes

Levels and vault maps discovered:
D:1:      dpeg_arrival_castle, layout_loops_ring, item_on_display_a

Action                   || total
-------------------------++-------
Melee: Club              ||     4
Evoke: Wand              ||     5
Armor: Robe              ||     3
Dodge: Dodged            ||     5

Table legend: (Time is in decaauts)
 A = Elapsed time spent in this place.
 B = Non-inter-level travel time spent in this place.
 C = Inter-level travel time spent in this place.
 D = Time resting spent in this place.
 E = Time spent auto-exploring this place.
 F = Levels seen in this place.
 G = Mean time per level.
                   A        B        C        D        E       F      G
               +--------+--------+--------+--------+--------+-----+--------+
         Total |    153 |    153 |      0 |      0 |    132 |   1 |  153.0 |
       Dungeon |    153 |    153 |      0 |      0 |    132 |   1 |  153.0 |
               +--------+--------+--------+--------+--------+-----+--------+

Top non-repeatable levels by time:
     D:1: 153 daAuts
